Unix NetHack Version 5.0.0-0 post-release - last build May 22 2026 02:22:16 (99d1c3b6dc4b13757aaa5824b55bdea4e1e63757,branch:main).

Game began 2026-05-22 12:47:50, ended 2026-05-22 12:51:52.

Drastanta, lawful female human Samurai

                  ----------------    ---------
  ----------     #...............|    |.......|
  |........|     #|..........^...|   #.........
  |..<.....|     #|...............#  #|.......|
  |........|     #-----------.----# ##---------
  |........|     #           ########
  |........|   ###            ### #
  --------.-   #              ##
          #   ##              #
          #   #        -------#   ##
          #   #        |.....-#   #-.----
          #  ##        +.....|    #.....|
          #  #         |.....|    #|.d(.|
        ###  ##        |>....-#####|)(m@.
       -.----#         |.....|     ------
       |..{.|#         -------
       |....-#
       |....|
       ------

Drastanta the Ronin    St:14 Dx:18 Co:18 In:9 Wi:8 Ch:8  Lawful
Dlvl:3  $:19 HP:0(49) Pw:16(16) AC:4  Xp:4 T:444 

Latest messages:
 You hit the giant mimic!
 You miss the giant mimic.
 You hit the giant mimic!
 You hit the giant mimic.
 You miss the giant mimic.
 You hit the giant mimic.
 The giant mimic hits!
 The giant mimic hits again!
 You kill the giant mimic!
 Welcome to experience level 4.
 You stop.  Hachi is in the way!
 You hear the splashing of a naiad.
 You swap places with Hachi.
 Hachi eats a giant mimic corpse.
 You see a kitten appear where Hachi was!
 c - a +0 yumi (weapon in right hand).
 a - a corroded +0 katana (alternate weapon; not wielded).
 In what direction? 3
 You shoot 2 ya.
 In what direction? 3
 In what direction? 2
 You shoot 2 ya.
 In what direction? 2
 You hear the chime of a cash register.
 You see here 3 blessed +0 ya.
 In what direction? 4
 You shoot 2 ya.
 d - 3 blessed +0 ya (in quiver) (22 in total).
 a - a corroded +0 katana (weapon in right hand).
 c - a +0 yumi (alternate weapon; not wielded).
 That chest is a small mimic!
 The small mimic hits!
 You miss the small mimic.
 You hit the small mimic!
 The small mimic hits!
 You miss the small mimic.
 You hit the small mimic.
 You miss the small mimic.
 You hit the small mimic.
 You hit the small mimic.
 You hit the small mimic.
 You hit the small mimic!
 The small mimic just misses!
 You hear someone cursing shoplifters.
 You hit the small mimic.
 You hit the small mimic.
 You hit the small mimic.
 The small mimic hits!
 You die...
 Do you want your possessions identified? [ynq] (y) q

Inventory:
 Coins    ('$')
  $ - 19 gold pieces
 Weapons  (')')
  d - 22 blessed +0 ya (in quiver)
  c - a +0 yumi (alternate weapon; not wielded)
  a - a corroded +0 katana (weapon in right hand)
  b - a +0 wakizashi
 Armor    ('[')
  f - an uncursed fireproof +0 pair of speed boots
  e - an uncursed rustproof +0 splint mail (being worn)
 Comestibles  ('%')
  l - a cursed carrot
  n - an uncursed lembas wafer
 Scrolls  ('?')
  k - an uncursed scroll of identify
  m - a cursed scroll of teleportation
 Spellbooks  ('+')
  j - an uncursed spellbook of cause fear
 Potions  ('!')
  g - a cursed potion of healing
  i - an uncursed potion of sleeping
 Wands    ('/')
  h - a wand of digging (0:7)

Drastanta the Samurai's attributes:

Background:
 You were a Ronin, a level 4 female human Samurai.
 You were lawful, on a mission for Amaterasu Omikami
 who was opposed by Raijin (neutral) and Susanowo (chaotic).
 You were right-handed.
 You were in the Dungeons of Doom, on level 3.
 You entered the dungeon 444 turns ago.
 You had 159 experience points, 1 more was needed to attain level 5.

Basics:
 You had 0 out of 49 hit points.
 You had all 16 energy points (spell power).
 Your armor class was 4.
 Your wallet contained 19 zorkmids.
 Autopickup was off.

Final Characteristics:
 Your strength was 14 (limit:18/100).
 Your dexterity was 18 (limit:18).
 Your constitution was 18 (limit:18).
 Your intelligence was 9 (limit:18).
 Your wisdom was 8 (limit:18).
 Your charisma was 8 (limit:18).

Final Status:
 You weren't hungry.
 You were unencumbered.
 You were wielding a long sword.
 You had basic skill with long sword.

Final Attributes:
 You were fervently aligned.
 You were warded.
 You were fast.
 You are dead.

Miscellaneous:
 You didn't encounter any bones levels.
 Total elapsed playing time was 4 minutes and 1 second.

Major events:
 Turn
    1: Drastanta the lawful female human Samurai entered the dungeon
  415: attained the rank of Ronin (level 3)
  444: killed by a small mimic

You didn't know any spells.

Skills:
 Fighting Skills
   martial arts      [Basic]
   two weapon combat [Unskilled]
   riding            [Unskilled]
 Weapon Skills
   dagger            [Unskilled]
   knife             [Unskilled]
   short sword       [Basic]
   broadsword        [Unskilled]
   long sword        [Basic]
   two-handed sword  [Unskilled]
   saber             [Unskilled]
   flail             [Unskilled]
   quarterstaff      [Unskilled]
   polearms          [Unskilled]
   spear             [Unskilled]
   lance             [Unskilled]
   bow               [Basic]
   shuriken          [Unskilled]
 Spellcasting Skills
   attack spells     [Unskilled]
   divination spells [Unskilled]
   clerical spells   [Unskilled]

Voluntary challenges:
 Character rerolling was not enabled.
 You followed a strict vegan diet.
 You were an atheist.
 You were illiterate.
 You never genocided any monsters.
 You never polymorphed an object.
 You never changed form.
 You used no wishes.
Achievement:
 You attained the rank of Ronin.

 The Dungeons of Doom: levels 1 to 4
    Level 1:
    Level 2:
       A fountain.
    Level 3: <- You were here.
       A fountain.
       Final resting place for
          you, killed by a small mimic.
    Level 4:


Vanquished creatures:
  a giant mimic
  a large mimic
 an acid blob
  2 kobolds
  a sewer rat
  3 lichens
  a newt
10 creatures vanquished.

No species were genocided or became extinct.

Game over:
                       ----------
                      /          \
                     /    REST    \
                    /      IN      \
                   /     PEACE      \
                  /                  \
                  |    Drastanta     |
                  |      19 Au       |
                  |   killed by a    |
                  |   small mimic    |
                  |                  |
                  |                  |
                  |       2026       |
                 *|     *  *  *      | *
        _________)/\\_//(\/(/\)/\//\/|_)_______

Sayonara Drastanta the Samurai...

You died in The Dungeons of Doom on dungeon level 3 with 840 points,
and 19 pieces of gold, after 444 moves.
You were level 4 with a maximum of 49 hit points when you died.

